Oilers vs Kings

Created - October 24 2010 at 12:23

Goals
1 2 3 OT1 T
Oilers 2 0 1 0 3
Kings 1 1 1 1 4
Shots
1 2 3 OT1 T
Oilers 14 13 8 2 37
Kings 20 6 10 2 38

Period #1

1. Kings , Darroll Powe 1 (Mike Lundin, Daniel Winnik) at 1:51 (PP)
2. Oilers , Stephen Weiss 2 (Steve Sullivan, Dany Heatley) at 4:26 (PP)
3. Oilers , Radek Dvorak 2 (Stephen Weiss, Scott Hannan) at 12:20 (PP)

Penalties :
Scott Hannan (EDM) for Cross-checking (Minor) at 0:27, Bryce Salvador (EDM) for Hooking (Minor) at 0:48, Scott Nichol (EDM) for Hooking (Minor) at 1:54, Matt Niskanen (LOS) for Holding (Minor) at 4:00, Scott Nichol (EDM) for Hooking (Minor) at 5:25, Daniel Winnik (LOS) for Hooking (Minor) at 11:38, Derek Roy (EDM) for Hooking (Minor) at 11:38, Michael Frolik (LOS) for Tripping (Minor) at 11:41, Bryan Allen (LOS) for High sticking (Double Minor) at 15:57

Period #2

4. Kings , Matt Duchene 4 (Jamie McBain) at 4:31 (PP)

Penalties :
Todd Marchant (EDM) for Roughing (Minor) at 4:27, Colton Orr (LOS) for Interference (Minor) at 7:10, Michael Del Zotto (LOS) for Hooking (Minor) at 10:57, Colton Orr (LOS) for Fighting (Major) at 13:03, Scott Nichol (EDM) for Fighting (Major) at 13:03, Todd Marchant (EDM) for Holding Stick (Minor) at 14:59

Period #3

5. Oilers , Steve Sullivan 1 (Dany Heatley, Andrew Ladd) at 0:56 (PP)
6. Kings , Craig Conroy 1 (Kent Huskins, Byron Bitz) at 9:34

Penalties :
Darroll Powe (LOS) for Boarding (Minor) at 0:22, Michal Handzus (EDM) for Hooking (Minor) at 2:53, Mark Popovic (EDM) for Hooking (Minor) at 13:00

Overtime #1

7. Kings , Sean Bergenheim 2 (Daniel Winnik, Bryan Allen) at 3:06

Penalties :
No Penalty

Goalie Stats

Dan Ellis (EDM), 34 saves from 38 shots - (0.895), OTL, 1-0-1, 63:07 minutes
Ondrej Pavelec (LOS), 34 saves from 37 shots - (0.919), W, 2-3-0, 63:07 minutes

Players Stats

Oilers
Player Name              G  A  P  +/- PIM S  H  SB FO    MP 
------------------------------------------------------------
Adrian Aucoin            0  0  0  -1  0   5  1  1  0/0   21 
Andrew Ladd              0  1  1   0  0   1  3  0  0/2   16 
Bryce Salvador           0  0  0   0  2   0  2  1  0/0   18 
Dany Heatley             0  2  2  -1  0   5  0  0  1/3   20 
Derek Roy                0  0  0  -1  2   8  3  1  15/21 17 
Mark Popovic             0  0  0   0  2   0  1  0  0/0   13 
Michal Handzus           0  0  0  -1  2   2  0  1  10/22 18 
Miroslav Satan           0  0  0   0  0   1  0  0  0/0   2  
Radek Dvorak             1  0  1   0  0   2  2  1  4/11  19 
Rod BrindAmour           0  0  0   0  0   0  1  0  4/6   9  
Roman Hamrlik            0  0  0   0  0   2  2  1  0/0   24 
Ryan Johnson             0  0  0   0  0   0  0  0  3/5   7  
Scott Hannan             0  1  1  -1  2   0  0  0  0/0   23 
Scott Nichol             0  0  0   0  9   1  0  0  9/15  13 
Sean ODonnell            0  0  0  -2  0   1  0  3  0/0   21 
Stephen Weiss            1  1  2  -1  0   7  2  0  8/12  21 
Steve Sullivan           1  1  2  -1  0   1  1  0  0/2   18 
Todd Marchant            0  0  0   0  4   1  1  0  0/0   17 
Kings
Player Name              G  A  P  +/- PIM S  H  SB FO    MP 
------------------------------------------------------------
Aaron Gagnon             0  0  0   0  0   1  0  0  7/9   7  
Bryan Allen              0  1  1   1  4   2  3  0  0/0   19 
Byron Bitz               0  1  1   1  0   4  1  0  0/2   13 
Colton Orr               0  0  0   0  7   1  1  0  0/0   6  
Craig Adams              0  0  0   1  0   0  2  1  2/2   14 
Craig Conroy             1  0  1   1  0   1  0  1  7/22  18 
Daniel Winnik            0  2  2   1  2   3  0  0  2/5   22 
Darroll Powe             1  0  1   0  2   3  3  0  12/25 17 
Ethan Moreau             0  0  0   0  0   2  1  0  1/3   17 
Jamie McBain             0  1  1   0  0   2  0  2  0/0   25 
Jay Pandolfo             0  0  0   0  0   3  0  0  0/0   7  
Kent Huskins             0  1  1   1  0   0  0  2  0/0   19 
Matt Duchene             1  0  1   0  0   2  0  0  14/29 19 
Matt Niskanen            0  0  0   1  2   2  4  1  0/0   17 
Michael Del Zotto        0  0  0   0  2   1  7  0  0/0   24 
Michael Frolik           0  0  0   0  2   3  0  0  0/2   15 
Mike Lundin              0  1  1   1  0   3  0  0  0/0   20 
Sean Bergenheim          1  0  1   1  0   5  2  1  0/0   20 

3 Stars

1 - Sean Bergenheim (LOS)
2 - Stephen Weiss (EDM)
3 - Steve Sullivan (EDM)

Power Play

Oilers - 3 on 6 Attempt(s) - 50.00%
Kings - 2 on 8 Attempt(s) - 25.00%

Penalty Kill

Oilers - 6 on 8 Attempt(s) - 75.00% - Score 0 goal in Penalty Kill
Kings - 3 on 6 Attempt(s) - 50.00% - Score 0 goal in Penalty Kill

Game Notes

Colton Orr beats up Scott Nichol at 13:03 of 2nd period

Finance

Level 1 -- Attendance: 6500 (100.00%) -- Ticket Income $520,000.00
Level 2 -- Attendance: 4593 (91.86%) -- Ticket Income $229,650.00
Level 3 -- Attendance: 2616 (74.74%) -- Ticket Income $91,560.00
Level 4 -- Attendance: 2118 (100.00%) -- Ticket Income $42,360.00
Luxury Box -- Attendance: 689 (68.90%) -- Ticket Income $137,800.00
Game was played at the Staples Center
Total Attendance: 16516 (91.16%)
Total Ticket Income: $1,051,888.00
Other Income: $157,408.50
Total Income: $1,209,296.00


Play by Play

Period #1

0:01 of 1st period - Derek Roy wins face-off versus Matt Duchene in neutral zone.
0:01 of 1st period - Derek Roy is hit by Sean Bergenheim.
0:04 of 1st period - Adrian Aucoin is hit by Michael Del Zotto.
0:27 of 1st period - Minor Penalty to Scott Hannan for Cross-checking.
0:28 of 1st period - Darroll Powe wins face-off versus Scott Nichol in Oilers zone.
0:48 of 1st period - Minor Penalty to Bryce Salvador for Hooking.
0:49 of 1st period - Matt Duchene wins face-off versus Derek Roy in Oilers zone.
1:04 of 1st period - Shot by Jamie McBain.
1:04 of 1st period - Shot Misses the Net.
1:06 of 1st period - Shot by Sean Bergenheim.
1:06 of 1st period - Stopped by Dan Ellis with a rebound.
1:08 of 1st period - Shot by Sean Bergenheim.
1:08 of 1st period - Shot Misses the Net.
1:10 of 1st period - Shot by Jamie McBain.
1:10 of 1st period - Shot Misses the Net.
1:14 of 1st period - Shot by Matt Duchene.
1:14 of 1st period - Deflect By Sean Bergenheim.
1:14 of 1st period - Stopped by Dan Ellis without a rebound.
1:15 of 1st period - Stephen Weiss wins face-off versus Darroll Powe in Oilers zone.
1:15 of 1st period - Stephen Weiss is hit by Ethan Moreau.
1:29 of 1st period - Shot by Ethan Moreau.
1:29 of 1st period - Stopped by Dan Ellis without a rebound.
1:30 of 1st period - Darroll Powe wins face-off versus Stephen Weiss in Oilers zone.
1:51 of 1st period - Shot by Darroll Powe.
1:51 of 1st period - Goal by Darroll Powe - Oilers : 0 - Kings : 1.
1:52 of 1st period - Matt Duchene wins face-off versus Scott Nichol in neutral zone.
1:54 of 1st period - Minor Penalty to Scott Nichol for Hooking.
1:55 of 1st period - Derek Roy wins face-off versus Matt Duchene in Oilers zone.
2:55 of 1st period - Shot by Bryan Allen.
2:55 of 1st period - Shot Misses the Net.
2:57 of 1st period - Shot by Daniel Winnik.
2:57 of 1st period - Stopped by Dan Ellis with a rebound.
2:59 of 1st period - Shot by Daniel Winnik.
2:59 of 1st period - Stopped by Dan Ellis without a rebound.
3:00 of 1st period - Ethan Moreau wins face-off versus Radek Dvorak in Oilers zone.
3:03 of 1st period - Shot by Daniel Winnik.
3:03 of 1st period - Shot Misses the Net.
3:05 of 1st period - Shot by Darroll Powe.
3:05 of 1st period - Shot Blocked by Bryce Salvador.
3:09 of 1st period - Shot by Mike Lundin.
3:09 of 1st period - Stopped by Dan Ellis without a rebound.
3:10 of 1st period - Matt Duchene wins face-off versus Radek Dvorak in Oilers zone.
3:30 of 1st period - Icing by Matt Duchene.
3:31 of 1st period - Matt Duchene wins face-off versus Radek Dvorak in Kings zone.
3:31 of 1st period - Matt Duchene is hit by Radek Dvorak.
3:59 of 1st period - Shot by Andrew Ladd.
3:59 of 1st period - Stopped by Ondrej Pavelec without a rebound.
4:00 of 1st period - Derek Roy wins face-off versus Craig Conroy in Kings zone.
4:00 of 1st period - Minor Penalty to Matt Niskanen for Holding.
4:01 of 1st period - Daniel Winnik wins face-off versus Stephen Weiss in Kings zone.
4:01 of 1st period - Daniel Winnik is hit by Andrew Ladd.
4:26 of 1st period - Shot by Stephen Weiss.
4:26 of 1st period - Goal by Stephen Weiss - Oilers : 1 - Kings : 1.
4:27 of 1st period - Craig Conroy wins face-off versus Andrew Ladd in neutral zone.
5:14 of 1st period - Shot by Ethan Moreau.
5:14 of 1st period - Stopped by Dan Ellis with a rebound.
5:25 of 1st period - Minor Penalty to Scott Nichol for Hooking.
5:26 of 1st period - Michal Handzus wins face-off versus Matt Duchene in Oilers zone.
5:34 of 1st period - Icing by Sean Bergenheim.
5:35 of 1st period - Michal Handzus wins face-off versus Matt Duchene in Kings zone.
5:35 of 1st period - Radek Dvorak is hit by Michael Del Zotto and loses puck.
5:56 of 1st period - Shot by Jamie McBain.
5:56 of 1st period - Shot Blocked by Roman Hamrlik.
6:04 of 1st period - Shot by Jamie McBain.
6:04 of 1st period - Stopped by Dan Ellis without a rebound.
6:05 of 1st period - Darroll Powe wins face-off versus Michal Handzus in Oilers zone.
6:06 of 1st period - Shot by Mike Lundin.
6:06 of 1st period - Stopped by Dan Ellis with a rebound.
6:08 of 1st period - Shot by Ethan Moreau.
6:08 of 1st period - Shot Misses the Net.
6:10 of 1st period - Shot by Ethan Moreau.
6:10 of 1st period - Shot Misses the Net.
6:12 of 1st period - Shot by Bryan Allen.
6:12 of 1st period - Stopped by Dan Ellis without a rebound.
6:13 of 1st period - Darroll Powe wins face-off versus Steve Sullivan in Oilers zone.
7:08 of 1st period - Shot by Michael Frolik.
7:08 of 1st period - Stopped by Dan Ellis without a rebound.
7:09 of 1st period - Matt Duchene wins face-off versus Michal Handzus in Oilers zone.
7:32 of 1st period - Adrian Aucoin is hit by Craig Adams and loses puck.
7:45 of 1st period - Shot by Derek Roy.
7:45 of 1st period - Shot Misses the Net.
7:49 of 1st period - Shot by Derek Roy.
7:49 of 1st period - Shot Misses the Net.
7:51 of 1st period - Shot by Adrian Aucoin.
7:51 of 1st period - Stopped by Ondrej Pavelec with a rebound.
7:55 of 1st period - Shot by Steve Sullivan.
7:55 of 1st period - Shot Blocked by Matt Niskanen.
7:59 of 1st period - Shot by Derek Roy.
7:59 of 1st period - Stopped by Ondrej Pavelec without a rebound.
8:00 of 1st period - Aaron Gagnon wins face-off versus Michal Handzus in Kings zone.
8:34 of 1st period - Radek Dvorak is hit by Michael Del Zotto and loses puck.
8:52 of 1st period - Icing by Scott Nichol.
8:53 of 1st period - Scott Nichol wins face-off versus Darroll Powe in Oilers zone.
9:35 of 1st period - Mike Lundin is hit by Todd Marchant and loses puck.
9:52 of 1st period - Shot by Matt Niskanen.
9:52 of 1st period - Shot Misses the Net.
9:56 of 1st period - Shot by Craig Conroy.
9:56 of 1st period - Shot Hit the Post.
10:08 of 1st period - Shot by Matt Niskanen.
10:08 of 1st period - Stopped by Dan Ellis without a rebound.
10:09 of 1st period - Derek Roy wins face-off versus Matt Duchene in Oilers zone.
10:14 of 1st period - Matt Duchene is hit by Stephen Weiss and loses puck.
10:35 of 1st period - Shot by Michael Frolik.
10:35 of 1st period - Stopped by Dan Ellis without a rebound.
10:36 of 1st period - Michal Handzus wins face-off versus Byron Bitz in Oilers zone.
11:00 of 1st period - Shot by Kent Huskins.
11:00 of 1st period - Shot Blocked by Radek Dvorak.
11:02 of 1st period - Shot by Craig Adams.
11:02 of 1st period - Shot Hit the Post.
11:04 of 1st period - Shot by Kent Huskins.
11:04 of 1st period - Shot Hit the Post.
11:06 of 1st period - Shot by Craig Conroy.
11:06 of 1st period - Shot Blocked by Sean ODonnell.
11:10 of 1st period - Shot by Byron Bitz.
11:10 of 1st period - Stopped by Dan Ellis without a rebound.
11:11 of 1st period - Darroll Powe wins face-off versus Derek Roy in Oilers zone.
11:38 of 1st period - Minor Penalty to Daniel Winnik for Hooking.
11:38 of 1st period - Minor Penalty to Derek Roy for Hooking.
11:39 of 1st period - Michal Handzus wins face-off versus Matt Duchene in neutral zone.
11:41 of 1st period - Minor Penalty to Michael Frolik for Tripping.
11:42 of 1st period - Michal Handzus wins face-off versus Matt Duchene in Kings zone.
11:49 of 1st period - Shot by Dany Heatley.
11:49 of 1st period - Shot Misses the Net.
11:55 of 1st period - Shot by Dany Heatley.
11:55 of 1st period - Stopped by Ondrej Pavelec without a rebound.
11:56 of 1st period - Radek Dvorak wins face-off versus Aaron Gagnon in Kings zone.
11:57 of 1st period - Shot by Stephen Weiss.
11:57 of 1st period - Shot Blocked by Kent Huskins.
11:59 of 1st period - Shot by Scott Hannan.
11:59 of 1st period - Shot Misses the Net.
12:01 of 1st period - Shot by Roman Hamrlik.
12:01 of 1st period - Stopped by Ondrej Pavelec without a rebound.
12:02 of 1st period - Aaron Gagnon wins face-off versus Radek Dvorak in Kings zone.
12:16 of 1st period - Shot by Scott Hannan.
12:16 of 1st period - Shot Misses the Net.
12:20 of 1st period - Shot by Stephen Weiss.
12:20 of 1st period - Deflect By Radek Dvorak.
12:20 of 1st period - Goal by Radek Dvorak - Oilers : 2 - Kings : 1.
12:21 of 1st period - Michal Handzus wins face-off versus Matt Duchene in neutral zone.
12:34 of 1st period - Shot by Michal Handzus.
12:34 of 1st period - Shot Misses the Net.
12:36 of 1st period - Shot by Sean ODonnell.
12:36 of 1st period - Stopped by Ondrej Pavelec with a rebound.
12:38 of 1st period - Shot by Adrian Aucoin.
12:38 of 1st period - Shot Blocked by Jamie McBain.
12:42 of 1st period - Shot by Michal Handzus.
12:42 of 1st period - Shot Blocked by Jamie McBain.
12:44 of 1st period - Shot by Adrian Aucoin.
12:44 of 1st period - Stopped by Ondrej Pavelec without a rebound.
12:45 of 1st period - Daniel Winnik wins face-off versus Radek Dvorak in Kings zone.
13:41 of 1st period - Craig Conroy is hit by Mark Popovic and loses puck.
13:50 of 1st period - Shot by Byron Bitz.
13:50 of 1st period - Stopped by Dan Ellis with a rebound.
13:54 of 1st period - Shot by Matt Niskanen.
13:54 of 1st period - Stopped by Dan Ellis without a rebound.
13:55 of 1st period - Aaron Gagnon wins face-off versus Scott Nichol in Oilers zone.
14:06 of 1st period - Shot by Colton Orr.
14:06 of 1st period - Deflect By Jay Pandolfo.
14:06 of 1st period - Stopped by Dan Ellis with a rebound.
14:24 of 1st period - Shot by Jamie McBain.
14:24 of 1st period - Shot Misses the Net.
14:26 of 1st period - Shot by Michael Del Zotto.
14:26 of 1st period - Stopped by Dan Ellis without a rebound.
14:27 of 1st period - Craig Conroy wins face-off versus Michal Handzus in Oilers zone.
14:40 of 1st period - Shot by Michal Handzus.
14:40 of 1st period - Shot Hit the Post.
15:02 of 1st period - Shot by Byron Bitz.
15:02 of 1st period - Stopped by Dan Ellis with a rebound.
15:13 of 1st period - Icing by Dany Heatley.
15:14 of 1st period - Michal Handzus wins face-off versus Darroll Powe in Oilers zone.
15:42 of 1st period - Icing by Bryan Allen.
15:43 of 1st period - Scott Nichol wins face-off versus Darroll Powe in Kings zone.
15:57 of 1st period - Double Minor Penalty to Bryan Allen for High sticking.
15:58 of 1st period - Craig Conroy wins face-off versus Stephen Weiss in Kings zone.
16:06 of 1st period - Off-side.
16:07 of 1st period - Stephen Weiss wins face-off versus Craig Conroy in neutral zone.
16:12 of 1st period - Shot by Dany Heatley.
16:12 of 1st period - Stopped by Ondrej Pavelec without a rebound.
16:13 of 1st period - Stephen Weiss wins face-off versus Matt Duchene in Kings zone.
17:16 of 1st period - Rod BrindAmour is hit by Michael Del Zotto and loses puck.
18:42 of 1st period - Shot by Derek Roy.
18:42 of 1st period - Stopped by Ondrej Pavelec without a rebound.
18:43 of 1st period - Matt Duchene wins face-off versus Derek Roy in Kings zone.
19:06 of 1st period - Shot by Todd Marchant.
19:06 of 1st period - Shot Misses the Net.
19:08 of 1st period - Shot by Derek Roy.
19:08 of 1st period - Stopped by Ondrej Pavelec with a rebound.
19:12 of 1st period - Shot by Todd Marchant.
19:12 of 1st period - Stopped by Ondrej Pavelec without a rebound.
19:13 of 1st period - Rod BrindAmour wins face-off versus Matt Duchene in Kings zone.
19:38 of 1st period - Shot by Roman Hamrlik.
19:38 of 1st period - Stopped by Ondrej Pavelec without a rebound.
19:39 of 1st period - Craig Adams wins face-off versus Stephen Weiss in Kings zone.

Period #2

0:01 of 2nd period - Matt Duchene wins face-off versus Derek Roy in neutral zone.
0:07 of 2nd period - Icing by Scott Hannan.
0:08 of 2nd period - Darroll Powe wins face-off versus Derek Roy in Oilers zone.
0:38 of 2nd period - Derek Roy is hit by Bryan Allen and loses puck.
1:10 of 2nd period - Icing by Daniel Winnik.
1:11 of 2nd period - Scott Nichol wins face-off versus Ethan Moreau in Kings zone.
1:11 of 2nd period - Scott Nichol is hit by Bryan Allen.
1:16 of 2nd period - Todd Marchant is hit by Bryan Allen and loses puck.
1:56 of 2nd period - Michael Frolik is hit by Bryce Salvador and loses puck.
2:21 of 2nd period - Shot by Michal Handzus.
2:21 of 2nd period - Shot Misses the Net.
2:25 of 2nd period - Shot by Michal Handzus.
2:25 of 2nd period - Stopped by Ondrej Pavelec without a rebound.
2:26 of 2nd period - Derek Roy wins face-off versus Byron Bitz in Kings zone.
2:37 of 2nd period - Shot by Stephen Weiss.
2:37 of 2nd period - Deflect By Derek Roy.
2:37 of 2nd period - Stopped by Ondrej Pavelec without a rebound.
2:38 of 2nd period - Rod BrindAmour wins face-off versus Craig Conroy in Kings zone.
2:42 of 2nd period - Icing by Craig Conroy.
2:43 of 2nd period - Craig Conroy wins face-off versus Michal Handzus in Kings zone.
2:54 of 2nd period - Shot by Craig Conroy.
2:54 of 2nd period - Shot Misses the Net.
3:02 of 2nd period - Shot by Dany Heatley.
3:02 of 2nd period - Shot Misses the Net.
3:36 of 2nd period - Shot by Jay Pandolfo.
3:36 of 2nd period - Stopped by Dan Ellis without a rebound.
3:37 of 2nd period - Derek Roy wins face-off versus Darroll Powe in Oilers zone.
4:21 of 2nd period - Darroll Powe is hit by Stephen Weiss and loses puck.
4:27 of 2nd period - Minor Penalty to Todd Marchant for Roughing.
4:28 of 2nd period - Matt Duchene wins face-off versus Scott Nichol in Oilers zone.
4:31 of 2nd period - Shot by Matt Duchene.
4:31 of 2nd period - Goal by Matt Duchene - Oilers : 2 - Kings : 2.
4:32 of 2nd period - Scott Nichol wins face-off versus Craig Conroy in neutral zone.
4:35 of 2nd period - Shot by Bryce Salvador.
4:35 of 2nd period - Deflect By Andrew Ladd.
4:35 of 2nd period - Shot Misses the Net.
4:38 of 2nd period - Icing by Matt Niskanen.
4:39 of 2nd period - Scott Nichol wins face-off versus Craig Conroy in Kings zone.
4:45 of 2nd period - Icing by Craig Adams.
4:46 of 2nd period - Craig Conroy wins face-off versus Michal Handzus in Kings zone.
5:58 of 2nd period - Shot by Michael Frolik.
5:58 of 2nd period - Stopped by Dan Ellis without a rebound.
5:59 of 2nd period - Derek Roy wins face-off versus Darroll Powe in Oilers zone.
5:59 of 2nd period - Derek Roy is hit by Darroll Powe.
6:05 of 2nd period - Darroll Powe is hit by Steve Sullivan and loses puck.
7:06 of 2nd period - Mark Popovic is hit by Colton Orr and loses puck.
7:10 of 2nd period - Minor Penalty to Colton Orr for Interference.
7:11 of 2nd period - Craig Conroy wins face-off versus Rod BrindAmour in Kings zone.
7:11 of 2nd period - Sean Bergenheim is hit by Andrew Ladd and loses puck.
7:19 of 2nd period - Icing by Bryce Salvador.
7:20 of 2nd period - Rod BrindAmour wins face-off versus Craig Conroy in Oilers zone.
7:38 of 2nd period - Shot by Michal Handzus.
7:38 of 2nd period - Shot Misses the Net.
8:00 of 2nd period - Shot by Radek Dvorak.
8:00 of 2nd period - Stopped by Ondrej Pavelec without a rebound.
8:01 of 2nd period - Stephen Weiss wins face-off versus Craig Conroy in Kings zone.
8:02 of 2nd period - Shot by Adrian Aucoin.
8:02 of 2nd period - Stopped by Ondrej Pavelec with a rebound.
8:04 of 2nd period - Shot by Adrian Aucoin.
8:04 of 2nd period - Stopped by Ondrej Pavelec with a rebound.
8:06 of 2nd period - Shot by Todd Marchant.
8:06 of 2nd period - Deflect By Stephen Weiss.
8:06 of 2nd period - Stopped by Ondrej Pavelec with a rebound.
8:08 of 2nd period - Shot by Stephen Weiss.
8:08 of 2nd period - Stopped by Ondrej Pavelec without a rebound.
8:09 of 2nd period - Derek Roy wins face-off versus Matt Duchene in Kings zone.
8:42 of 2nd period - Craig Conroy is hit by Rod BrindAmour.
8:47 of 2nd period - Off-side.
8:48 of 2nd period - Stephen Weiss wins face-off versus Craig Conroy in neutral zone.
9:32 of 2nd period - Shot by Jay Pandolfo.
9:32 of 2nd period - Deflect By Colton Orr.
9:32 of 2nd period - Stopped by Dan Ellis without a rebound.
9:33 of 2nd period - Darroll Powe wins face-off versus Michal Handzus in Oilers zone.
10:33 of 2nd period - Stephen Weiss is hit by Michael Del Zotto and loses puck.
10:57 of 2nd period - Minor Penalty to Michael Del Zotto for Hooking.
10:58 of 2nd period - Stephen Weiss wins face-off versus Craig Conroy in Kings zone.
11:57 of 2nd period - Shot by Derek Roy.
11:57 of 2nd period - Stopped by Ondrej Pavelec without a rebound.
11:58 of 2nd period - Rod BrindAmour wins face-off versus Craig Conroy in Kings zone.
12:23 of 2nd period - Shot by Bryce Salvador.
12:23 of 2nd period - Shot Misses the Net.
13:03 of 2nd period - Colton Orr beats up Scott Nichol.
13:03 of 2nd period - Penalty to Colton Orr for Fighting.
13:03 of 2nd period - Penalty to Scott Nichol for Fighting.
13:04 of 2nd period - Stephen Weiss wins face-off versus Darroll Powe in Oilers zone.
13:09 of 2nd period - Shot by Miroslav Satan.
13:09 of 2nd period - Stopped by Ondrej Pavelec without a rebound.
13:10 of 2nd period - Aaron Gagnon wins face-off versus Radek Dvorak in Kings zone.
13:35 of 2nd period - Icing by Mark Popovic.
13:36 of 2nd period - Darroll Powe wins face-off versus Radek Dvorak in Oilers zone.
13:52 of 2nd period - Shot by Darroll Powe.
13:52 of 2nd period - Shot Misses the Net.
13:54 of 2nd period - Shot by Daniel Winnik.
13:54 of 2nd period - Stopped by Dan Ellis without a rebound.
13:55 of 2nd period - Craig Conroy wins face-off versus Ryan Johnson in Oilers zone.
14:54 of 2nd period - Shot by Stephen Weiss.
14:54 of 2nd period - Stopped by Ondrej Pavelec without a rebound.
14:55 of 2nd period - Darroll Powe wins face-off versus Andrew Ladd in Kings zone.
14:55 of 2nd period - Bryan Allen is hit by Andrew Ladd and loses puck.
14:59 of 2nd period - Minor Penalty to Todd Marchant for Holding Stick.
15:00 of 2nd period - Radek Dvorak wins face-off versus Michael Frolik in Oilers zone.
15:00 of 2nd period - Radek Dvorak is hit by Sean Bergenheim.
15:07 of 2nd period - Icing by Jamie McBain.
15:08 of 2nd period - Radek Dvorak wins face-off versus Michael Frolik in Kings zone.
15:18 of 2nd period - Radek Dvorak is hit by Michael Del Zotto and loses puck.
16:14 of 2nd period - Scott Hannan is hit by Darroll Powe.
16:28 of 2nd period - Shot by Daniel Winnik.
16:28 of 2nd period - Shot Misses the Net.
16:30 of 2nd period - Shot by Darroll Powe.
16:30 of 2nd period - Shot Misses the Net.
16:32 of 2nd period - Shot by Ethan Moreau.
16:32 of 2nd period - Shot Blocked by Adrian Aucoin.
16:34 of 2nd period - Shot by Daniel Winnik.
16:34 of 2nd period - Shot Blocked by Sean ODonnell.
16:53 of 2nd period - Icing by Michael Frolik.
16:54 of 2nd period - Matt Duchene wins face-off versus Steve Sullivan in Kings zone.
17:34 of 2nd period - Adrian Aucoin is hit by Matt Niskanen and loses puck.
18:29 of 2nd period - Shot by Steve Sullivan.
18:29 of 2nd period - Shot Misses the Net.
18:33 of 2nd period - Shot by Stephen Weiss.
18:33 of 2nd period - Shot Blocked by Craig Adams.
18:36 of 2nd period - Derek Roy is hit by Matt Niskanen and loses puck.
18:43 of 2nd period - Shot by Steve Sullivan.
18:43 of 2nd period - Shot Blocked by Kent Huskins.
18:45 of 2nd period - Shot by Derek Roy.
18:45 of 2nd period - Stopped by Ondrej Pavelec without a rebound.
18:46 of 2nd period - Scott Nichol wins face-off versus Darroll Powe in Kings zone.
18:49 of 2nd period - Shot by Scott Nichol.
18:49 of 2nd period - Stopped by Ondrej Pavelec without a rebound.
18:50 of 2nd period - Matt Duchene wins face-off versus Scott Nichol in Kings zone.
19:29 of 2nd period - Shot by Matt Duchene.
19:29 of 2nd period - Stopped by Dan Ellis without a rebound.
19:30 of 2nd period - Derek Roy wins face-off versus Darroll Powe in Oilers zone.
19:39 of 2nd period - Shot by Derek Roy.
19:39 of 2nd period - Stopped by Ondrej Pavelec without a rebound.
19:40 of 2nd period - Darroll Powe wins face-off versus Dany Heatley in Kings zone.

Period #3

0:01 of 3rd period - Derek Roy wins face-off versus Matt Duchene in neutral zone.
0:06 of 3rd period - Matt Duchene is hit by Derek Roy and loses puck.
0:17 of 3rd period - Shot by Derek Roy.
0:17 of 3rd period - Stopped by Ondrej Pavelec without a rebound.
0:18 of 3rd period - Michal Handzus wins face-off versus Ethan Moreau in Kings zone.
0:22 of 3rd period - Minor Penalty to Darroll Powe for Boarding.
0:23 of 3rd period - Dany Heatley wins face-off versus Craig Conroy in Kings zone.
0:34 of 3rd period - Shot by Dany Heatley.
0:34 of 3rd period - Shot Misses the Net.
0:36 of 3rd period - Shot by Radek Dvorak.
0:36 of 3rd period - Deflect By Dany Heatley.
0:36 of 3rd period - Stopped by Ondrej Pavelec without a rebound.
0:37 of 3rd period - Stephen Weiss wins face-off versus Matt Duchene in Kings zone.
0:42 of 3rd period - Shot by Andrew Ladd.
0:42 of 3rd period - Shot Misses the Net.
0:46 of 3rd period - Shot by Adrian Aucoin.
0:46 of 3rd period - Stopped by Ondrej Pavelec with a rebound.
0:50 of 3rd period - Shot by Stephen Weiss.
0:50 of 3rd period - Shot Misses the Net.
0:54 of 3rd period - Shot by Dany Heatley.
0:54 of 3rd period - Shot Misses the Net.
0:56 of 3rd period - Shot by Steve Sullivan.
0:56 of 3rd period - Goal by Steve Sullivan - Oilers : 3 - Kings : 2.
0:57 of 3rd period - Scott Nichol wins face-off versus Craig Conroy in neutral zone.
1:37 of 3rd period - Todd Marchant is hit by Craig Adams and loses puck.
2:00 of 3rd period - Icing by Stephen Weiss.
2:01 of 3rd period - Derek Roy wins face-off versus Darroll Powe in Oilers zone.
2:08 of 3rd period - Shot by Stephen Weiss.
2:08 of 3rd period - Stopped by Ondrej Pavelec without a rebound.
2:09 of 3rd period - Aaron Gagnon wins face-off versus Dany Heatley in Kings zone.
2:13 of 3rd period - Michael Del Zotto is hit by Radek Dvorak and loses puck.
2:30 of 3rd period - Shot by Dany Heatley.
2:30 of 3rd period - Stopped by Ondrej Pavelec with a rebound.
2:53 of 3rd period - Minor Penalty to Michal Handzus for Hooking.
2:54 of 3rd period - Darroll Powe wins face-off versus Ryan Johnson in Oilers zone.
3:52 of 3rd period - Shot by Jamie McBain.
3:52 of 3rd period - Shot Misses the Net.
4:39 of 3rd period - Shot by Darroll Powe.
4:39 of 3rd period - Stopped by Dan Ellis with a rebound.
4:43 of 3rd period - Shot by Bryan Allen.
4:43 of 3rd period - Deflect By Darroll Powe.
4:43 of 3rd period - Stopped by Dan Ellis with a rebound.
5:04 of 3rd period - Craig Conroy is hit by Roman Hamrlik and loses puck.
5:14 of 3rd period - Icing by Michal Handzus.
5:15 of 3rd period - Aaron Gagnon wins face-off versus Michal Handzus in Oilers zone.
5:16 of 3rd period - Shot by Jamie McBain.
5:16 of 3rd period - Shot Misses the Net.
5:18 of 3rd period - Shot by Jay Pandolfo.
5:18 of 3rd period - Shot Misses the Net.
5:20 of 3rd period - Shot by Colton Orr.
5:20 of 3rd period - Shot Misses the Net.
5:22 of 3rd period - Shot by Jay Pandolfo.
5:22 of 3rd period - Shot Misses the Net.
5:24 of 3rd period - Shot by Jay Pandolfo.
5:24 of 3rd period - Shot Misses the Net.
5:26 of 3rd period - Shot by Aaron Gagnon.
5:26 of 3rd period - Deflect By Jay Pandolfo.
5:26 of 3rd period - Shot Blocked by Derek Roy.
5:29 of 3rd period - Jay Pandolfo is hit by Derek Roy and loses puck.
6:21 of 3rd period - Shot by Todd Marchant.
6:21 of 3rd period - Shot Blocked by Craig Conroy.
7:09 of 3rd period - Shot by Ethan Moreau.
7:09 of 3rd period - Shot Misses the Net.
7:13 of 3rd period - Shot by Mike Lundin.
7:13 of 3rd period - Stopped by Dan Ellis with a rebound.
8:18 of 3rd period - Shot by Matt Duchene.
8:18 of 3rd period - Deflect By Sean Bergenheim.
8:18 of 3rd period - Stopped by Dan Ellis without a rebound.
8:19 of 3rd period - Aaron Gagnon wins face-off versus Michal Handzus in Oilers zone.
8:24 of 3rd period - Shot by Jamie McBain.
8:24 of 3rd period - Shot Blocked by Michal Handzus.
8:26 of 3rd period - Shot by Jamie McBain.
8:26 of 3rd period - Stopped by Dan Ellis with a rebound.
8:28 of 3rd period - Shot by Jay Pandolfo.
8:28 of 3rd period - Shot Blocked by Sean ODonnell.
8:44 of 3rd period - Shot by Jay Pandolfo.
8:44 of 3rd period - Stopped by Dan Ellis with a rebound.
8:46 of 3rd period - Shot by Aaron Gagnon.
8:46 of 3rd period - Shot Misses the Net.
8:50 of 3rd period - Shot by Aaron Gagnon.
8:50 of 3rd period - Stopped by Dan Ellis without a rebound.
8:51 of 3rd period - Matt Duchene wins face-off versus Derek Roy in Oilers zone.
9:08 of 3rd period - Shot by Derek Roy.
9:08 of 3rd period - Deflect By Stephen Weiss.
9:08 of 3rd period - Shot Blocked by Sean Bergenheim.
9:34 of 3rd period - Shot by Craig Conroy.
9:34 of 3rd period - Goal by Craig Conroy - Oilers : 3 - Kings : 3.
9:35 of 3rd period - Ryan Johnson wins face-off versus Craig Conroy in neutral zone.
10:11 of 3rd period - Icing by Bryce Salvador.
10:12 of 3rd period - Ryan Johnson wins face-off versus Darroll Powe in Oilers zone.
10:12 of 3rd period - Ryan Johnson is hit by Darroll Powe.
10:15 of 3rd period - Icing by Dany Heatley.
10:16 of 3rd period - Ryan Johnson wins face-off versus Aaron Gagnon in Oilers zone.
10:55 of 3rd period - Daniel Winnik is hit by Derek Roy and loses puck.
11:43 of 3rd period - Icing by Mark Popovic.
11:44 of 3rd period - Scott Nichol wins face-off versus Craig Conroy in Oilers zone.
12:31 of 3rd period - Scott Hannan is hit by Michael Del Zotto and loses puck.
13:00 of 3rd period - Minor Penalty to Mark Popovic for Hooking.
13:01 of 3rd period - Radek Dvorak wins face-off versus Darroll Powe in Oilers zone.
13:12 of 3rd period - Shot by Bryan Allen.
13:12 of 3rd period - Stopped by Dan Ellis without a rebound.
13:13 of 3rd period - Scott Nichol wins face-off versus Darroll Powe in Oilers zone.
13:46 of 3rd period - Ethan Moreau is hit by Roman Hamrlik and loses puck.
15:09 of 3rd period - Stephen Weiss is hit by Matt Niskanen and loses puck.
15:24 of 3rd period - Shot by Byron Bitz.
15:24 of 3rd period - Stopped by Dan Ellis without a rebound.
15:25 of 3rd period - Darroll Powe wins face-off versus Michal Handzus in Oilers zone.
15:49 of 3rd period - Shot by Dany Heatley.
15:49 of 3rd period - Shot Misses the Net.
15:51 of 3rd period - Shot by Sean ODonnell.
15:51 of 3rd period - Shot Misses the Net.
16:15 of 3rd period - Icing by Scott Hannan.
16:16 of 3rd period - Derek Roy wins face-off versus Craig Conroy in Oilers zone.
16:16 of 3rd period - Derek Roy is hit by Byron Bitz.
16:23 of 3rd period - Stephen Weiss is hit by Matt Niskanen and loses puck.
16:32 of 3rd period - Shot by Stephen Weiss.
16:32 of 3rd period - Stopped by Ondrej Pavelec without a rebound.
16:33 of 3rd period - Matt Duchene wins face-off versus Scott Nichol in Kings zone.
17:03 of 3rd period - Matt Duchene is hit by Bryce Salvador and loses puck.
18:16 of 3rd period - Icing by Radek Dvorak.
18:17 of 3rd period - Michal Handzus wins face-off versus Matt Duchene in Oilers zone.
19:05 of 3rd period - Shot by Derek Roy.
19:05 of 3rd period - Shot Misses the Net.
19:09 of 3rd period - Shot by Stephen Weiss.
19:09 of 3rd period - Stopped by Ondrej Pavelec without a rebound.
19:10 of 3rd period - Craig Adams wins face-off versus Rod BrindAmour in Kings zone.
19:28 of 3rd period - Michael Del Zotto is hit by Adrian Aucoin and loses puck.

Overtime #1

0:01 of 1st overtime period - Matt Duchene wins face-off versus Michal Handzus in neutral zone.
0:22 of 1st overtime period - Shot by Dany Heatley.
0:22 of 1st overtime period - Deflect By Michal Handzus.
0:22 of 1st overtime period - Stopped by Ondrej Pavelec without a rebound.
0:23 of 1st overtime period - Derek Roy wins face-off versus Daniel Winnik in Kings zone.
0:38 of 1st overtime period - Shot by Sean Bergenheim.
0:38 of 1st overtime period - Stopped by Dan Ellis without a rebound.
0:39 of 1st overtime period - Michal Handzus wins face-off versus Matt Duchene in Oilers zone.
1:08 of 1st overtime period - Shot by Dany Heatley.
1:08 of 1st overtime period - Stopped by Ondrej Pavelec without a rebound.
1:09 of 1st overtime period - Derek Roy wins face-off versus Daniel Winnik in Kings zone.
1:19 of 1st overtime period - Icing by Bryan Allen.
1:20 of 1st overtime period - Derek Roy wins face-off versus Daniel Winnik in Kings zone.
1:47 of 1st overtime period - Shot by Stephen Weiss.
1:47 of 1st overtime period - Shot Misses the Net.
2:09 of 1st overtime period - Off-side.
2:10 of 1st overtime period - Matt Duchene wins face-off versus Michal Handzus in neutral zone.
3:06 of 1st overtime period - Shot by Sean Bergenheim.
3:06 of 1st overtime period - Goal by Sean Bergenheim - Oilers : 3 - Kings : 4.


Output by the SimonT Hockey Simulator (STHS) for Stephane Roy -- Original Page W3C XHTML 1.0 Valid